| TOP OF THE 1ST |
|
Chattanooga Lookouts batting - Pitching for Trenton Thunder : RHP Devon Wiley
|
|
Pitching: RHP Devon Wiley
|
|
|
Batting: RHB J.J. Powers
|
0-0: Ball 1-0: Fly out, F6 (Line Drive, 4M, EV 56.9 MPH)
|
|
Batting: LHB Jim Pankratz
|
0-0: Ball 1-0: Called Strike 1-1: Foul Ball, location: 2F 1-2: Ball 2-2: Strikes out swinging
|
|
Batting: RHB Miguel Diaz
|
0-0: Ball 1-0: SINGLE (Line Drive, 56D, EV 96.9 MPH)
|
|
Batting: LHB Matt Robertson
|
0-0: Called Strike 0-1: Fly out, F7 (Flyball, 7LM, EV 90.6 MPH)
|
| Top of the 1st over - 0 runs, 1 hit, 0 errors, 1 left on base; Chattanooga 0 - Trenton 0 |
| BOTTOM OF THE 1ST |
|
Trenton Thunder batting - Pitching for Chattanooga Lookouts : RHP Bud Puffer
|
|
Pitching: RHP Bud Puffer
|
|
|
Batting: RHB Phil Reeves
|
0-0: Foul Ball, location: 2F 0-1: Ball 1-1: Ball 2-1: Called Strike 2-2: Ball 3-2: SINGLE (Flyball, 3D, EV 93.1 MPH)
|
|
Batting: LHB Bobby Upton
|
0-0: Ball 1-0: Fielders Choice at 2nd, 6-4 (Groundball, 6, EV 105.6 MPH)
|
|
Batting: RHB Jose Tovar
|
0-0: Ball 1-0: SINGLE (Groundball, 6MD, EV 96.9 MPH) Bobby Upton to second
|
|
Batting: RHB Christian Shearer
|
0-0: DOUBLE (Flyball, 78D, EV 85.6 MPH) Bobby Upton scores Jose Tovar to third
|
|
Batting: RHB Larry Martell
|
0-0: Swinging Strike 0-1: Ball 1-1: SINGLE (Groundball, 6M, EV 99.4 MPH) (infield hit) Jose Tovar scores Christian Shearer to third
|
|
Batting: RHB Nazeeh Zubair
|
0-0: Called Strike 0-1: Swinging Strike 0-2: Strikes out swinging
|
|
Batting: RHB Dale Altman
|
0-0: Called Strike 0-1: SINGLE (Line Drive, 7S, EV 95.0 MPH) Christian Shearer scores Larry Martell to second
|
|
Batting: RHB Sam Hubbert
|
0-0: Swinging Strike 0-1: Foul Ball, location: 2F 0-2: Ball 1-2: Strikes out swinging
|
| Bottom of the 1st over - 3 runs, 5 hits, 0 errors, 2 left on base; Chattanooga 0 - Trenton 3 |
| TOP OF THE 2ND |
|
Chattanooga Lookouts batting - Pitching for Trenton Thunder : RHP Devon Wiley
|
|
Batting: SHB Ian Thompson
|
0-0: Ball 1-0: Ball 2-0: Ball 3-0: Base on Balls
|
|
Batting: RHB Manuel Juarez
|
0-0: Foul Ball, location: 2F 0-1: Foul Ball, location: 2F 0-2: Foul Ball, location: 2F 0-2: Ball 1-2: Foul Ball, location: 2F 1-2: Strikes out swinging
|
|
Batting: RHB Jose Nunez
|
0-0: Swinging Strike 0-1: Ball 1-1: Foul Ball, location: 2F 1-2: Foul Ball, location: 2F 1-2: Ball 2-2: Foul Ball, location: 2F 2-2: Ball 3-2: Strikes out looking
|
|
Batting: LHB Justin Wenzel
|
0-0: Called Strike 0-1: Ball 1-1: Ball 2-1: Ball 3-1: Fly out, F1 (Line Drive, P, EV 65.0 MPH)
|
| Top of the 2nd over - 0 runs, 0 hits, 0 errors, 1 left on base; Chattanooga 0 - Trenton 3 |
| BOTTOM OF THE 2ND |
|
Trenton Thunder batting - Pitching for Chattanooga Lookouts : RHP Bud Puffer
|
|
Batting: RHB Roberto Tena
|
0-0: Called Strike 0-1: Ball 1-1: Ground out U3 (Groundball, 34, EV 92.5 MPH)
|
|
Batting: RHB Phil Reeves
|
0-0: Called Strike 0-1: Called Strike 0-2: Ball 1-2: Ball 2-2: Ball 3-2: Strikes out looking
|
|
Batting: LHB Bobby Upton
|
0-0: Called Strike 0-1: Foul Ball, location: 2F 0-2: Ball 1-2: Fly out, F5 (Popup, 5SF, EV 65.0 MPH)
|
| Bottom of the 2nd over - 0 runs, 0 hits, 0 errors, 0 left on base; Chattanooga 0 - Trenton 3 |
| TOP OF THE 3RD |
|
Chattanooga Lookouts batting - Pitching for Trenton Thunder : RHP Devon Wiley
|
|
Batting: LHB Seung-jun Chang
|
0-0: Foul Ball, location: 2F 0-1: Ball 1-1: Foul Ball, location: 2F 1-2: Foul Ball, location: 2F 1-2: Foul Ball, location: 2F 1-2: Strikes out swinging
|
|
Batting: RHB J.J. Powers
|
0-0: Ball 1-0: Foul Ball, location: 2F 1-1: Ball 2-1: Foul Ball, location: 2F 2-2: Fly out, F9 (Flyball, 9LSF, EV 88.1 MPH)
|
|
Batting: LHB Jim Pankratz
|
0-0: Ball 1-0: Swinging Strike 1-1: Foul Ball, location: 2F 1-2: Foul Ball, location: 2F 1-2: Ball 2-2: Strikes out swinging
|
| Top of the 3rd over - 0 runs, 0 hits, 0 errors, 0 left on base; Chattanooga 0 - Trenton 3 |
| BOTTOM OF THE 3RD |
|
Trenton Thunder batting - Pitching for Chattanooga Lookouts : RHP Bud Puffer
|
|
Batting: RHB Jose Tovar
|
0-0: Foul Ball, location: 2F 0-1: Ball 1-1: Fly out, F7 (Flyball, 78M, EV 96.2 MPH)
|
|
Batting: RHB Christian Shearer
|
0-0: Ball 1-0: Ball 2-0: Foul Ball, location: 2F 2-1: SINGLE (Line Drive, 89M, EV 108.8 MPH)
|
|
Batting: RHB Larry Martell
|
0-0: Ball 1-0: Ball 2-0: Called Strike 2-1: Ball 3-1: Swinging Strike 3-2: Strikes out swinging Christian Shearer is caught stealing 2nd base 2-4 Batter strikes out.
|
| Bottom of the 3rd over - 0 runs, 1 hit, 0 errors, 0 left on base; Chattanooga 0 - Trenton 3 |
| TOP OF THE 4TH |
|
Chattanooga Lookouts batting - Pitching for Trenton Thunder : RHP Devon Wiley
|
|
Batting: RHB Miguel Diaz
|
0-0: Ball 1-0: Ball 2-0: Ball 3-0: Called Strike 3-1: Base on Balls
|
|
Batting: LHB Matt Robertson
|
0-0: Fly out, F7 (Flyball, 7D, EV 88.1 MPH)
|
|
Batting: SHB Ian Thompson
|
0-0: Ball 1-0: SINGLE (Line Drive, 89M, EV 96.2 MPH) Miguel Diaz to second
|
|
Batting: RHB Manuel Juarez
|
0-0: Called Strike 0-1: Ball 1-1: Foul Ball, location: 2F 1-2: Ball 2-2: Fly out, F7 (Line Drive, 7, EV 100.6 MPH)
|
|
Batting: RHB Jose Nunez
|
0-0: Ground out 5-3 (Groundball, 56S, EV 68.8 MPH)
|
| Top of the 4th over - 0 runs, 1 hit, 0 errors, 2 left on base; Chattanooga 0 - Trenton 3 |
| BOTTOM OF THE 4TH |
|
Trenton Thunder batting - Pitching for Chattanooga Lookouts : RHP Bud Puffer
|
|
Batting: RHB Nazeeh Zubair
|
0-0: Foul Ball, location: 2F 0-1: SINGLE (Groundball, 56, EV 95.6 MPH)
|
|
Batting: RHB Dale Altman
|
0-0: SINGLE (Groundball, 25, EV 73.1 MPH) (infield hit) Nazeeh Zubair to second
|
|
Batting: RHB Sam Hubbert
|
0-0: Swinging Strike 0-1: Called Strike 0-2: Strikes out looking
|
|
Batting: RHB Roberto Tena
|
0-0: Fly out, F8 (Flyball, 78M, EV 93.8 MPH)
|
|
Batting: RHB Phil Reeves
|
0-0: Swinging Strike 0-1: Ground out U3 (Groundball, 3S, EV 81.9 MPH)
|
| Bottom of the 4th over - 0 runs, 2 hits, 0 errors, 2 left on base; Chattanooga 0 - Trenton 3 |
| TOP OF THE 5TH |
|
Chattanooga Lookouts batting - Pitching for Trenton Thunder : RHP Devon Wiley
|
|
Batting: LHB Justin Wenzel
|
0-0: Hit by Pitch
|
|
Batting: LHB Seung-jun Chang
|
0-0: Called Strike 0-1: Ball 1-1: Ball 2-1: DOUBLE (Line Drive, 9LS, EV 97.5 MPH) Justin Wenzel to third
|
|
Batting: RHB J.J. Powers
|
0-0: Foul Ball, location: 2F 0-1: Hit by Pitch
|
|
Batting: LHB Jim Pankratz
|
0-0: Hit by Pitch Justin Wenzel scores Seung-jun Chang to third J.J. Powers to second
|
|
Batting: RHB Miguel Diaz
|
0-0: Ball 1-0: SINGLE (Line Drive, 5D, EV 109.4 MPH) Seung-jun Chang scores J.J. Powers to third Jim Pankratz to second
|
|
Batting: LHB Matt Robertson
|
0-0: Ball 1-0: Ball 2-0: Called Strike 2-1: Called Strike 2-2: Ball 3-2: Fly out, F8 (Flyball, 8RD, EV 98.8 MPH) Runner from 3rd tags up, SCORES, no throw by CF
|
|
Batting: SHB Ian Thompson
|
0-0: Ball 1-0: Ball 2-0: Ball 3-0: Called Strike 3-1: Fielders Choice at 2nd, 4-6 (Groundball, 4S, EV 86.2 MPH) Jim Pankratz to third
|
|
Pitching: RHP Eddie Aguilar
|
|
|
Batting: RHB Manuel Juarez
|
0-0: Fielders Choice at 2nd, 6-4 (Groundball, 6, EV 106.2 MPH)
|
| Top of the 5th over - 3 runs, 2 hits, 0 errors, 2 left on base; Chattanooga 3 - Trenton 3 |
| BOTTOM OF THE 5TH |
|
Trenton Thunder batting - Pitching for Chattanooga Lookouts : RHP Bud Puffer
|
|
Batting: LHB Bobby Upton
|
0-0: Called Strike 0-1: Foul Ball, location: 2F 0-2: Ball 1-2: SINGLE (Groundball, 4, EV 97.5 MPH)
|
|
Batting: RHB Jose Tovar
|
0-0: Swinging Strike 0-1: Foul Ball, location: 2F 0-2: Strikes out swinging
|
|
Batting: RHB Christian Shearer
|
0-0: Ball 1-0: Foul Ball, location: 2F 1-1: SINGLE (Groundball, 23, EV 67.5 MPH) (infield hit) Bobby Upton to second
|
|
Batting: RHB Larry Martell
|
0-0: Foul Ball, location: 2F 0-1: Foul Ball, location: 2F 0-2: Foul Ball, location: 2F 0-2: Strikes out swinging
|
|
Batting: RHB Nazeeh Zubair
|
0-0: Ball 1-0: Ball 2-0: Foul Ball, location: 2F 2-1: Fielders Choice at 2nd, 5-4 (Groundball, 5, EV 85.6 MPH)
|
| Bottom of the 5th over - 0 runs, 2 hits, 0 errors, 2 left on base; Chattanooga 3 - Trenton 3 |
| TOP OF THE 6TH |
|
Chattanooga Lookouts batting - Pitching for Trenton Thunder : RHP Eddie Aguilar
|
|
Batting: RHB Jose Nunez
|
0-0: Called Strike 0-1: Ball 1-1: Swinging Strike 1-2: Ball 2-2: Foul Ball, location: 2F 2-2: Foul Ball, location: 2F 2-2: Foul Ball, location: 2F 2-2: Ground out U3 (Groundball, 3, EV 87.5 MPH)
|
|
Batting: LHB Justin Wenzel
|
0-0: Ball 1-0: Called Strike 1-1: Ball 2-1: Swinging Strike 2-2: Strikes out swinging
|
|
Batting: LHB Seung-jun Chang
|
0-0: Called Strike 0-1: Ball 1-1: Called Strike 1-2: Ball 2-2: Strikes out swinging
|
| Top of the 6th over - 0 runs, 0 hits, 0 errors, 0 left on base; Chattanooga 3 - Trenton 3 |
| BOTTOM OF THE 6TH |
|
Trenton Thunder batting - Pitching for Chattanooga Lookouts : RHP Bud Puffer
|
|
Batting: RHB Dale Altman
|
0-0: Called Strike 0-1: Ground out 6-3 (Groundball, 56, EV 97.5 MPH)
|
|
Batting: RHB Sam Hubbert
|
0-0: Reached on error, E1 (Groundball, 15S, EV 77.5 MPH)
|
|
Batting: RHB Roberto Tena
|
0-0: Called Strike 0-1: Fly out, F2 (Popup, 23F, EV 80.6 MPH)
|
|
Batting: RHB Phil Reeves
|
0-0: Ball 1-0: Called Strike 1-1: Ball 2-1: Foul Ball, location: 2F 2-2: Ball 3-2: Foul Ball, location: 2F 3-2: Foul Ball, location: 2F 3-2: Fly out, F5 (Popup, 56S, EV 78.8 MPH)
|
| Bottom of the 6th over - 0 runs, 0 hits, 1 error, 1 left on base; Chattanooga 3 - Trenton 3 |
| TOP OF THE 7TH |
|
Chattanooga Lookouts batting - Pitching for Trenton Thunder : RHP Eddie Aguilar
|
|
Pitching: LHP George Grady
|
|
|
Batting: RHB J.J. Powers
|
0-0: Ball 1-0: Swinging Strike 1-1: Ball 2-1: Ground out 1-3 (Groundball, 13S, EV 59.4 MPH)
|
|
Batting: LHB Jim Pankratz
|
0-0: Foul Ball, location: 2F 0-1: Called Strike 0-2: Ball 1-2: Ball 2-2: Strikes out swinging
|
|
Batting: RHB Miguel Diaz
|
0-0: Called Strike 0-1: Foul Ball, location: 2F 0-2: Hit by Pitch
|
|
Batting: LHB Matt Robertson
|
0-0: Ball 1-0: Ground out U3 (Groundball, 3, EV 84.4 MPH)
|
| Top of the 7th over - 0 runs, 0 hits, 0 errors, 1 left on base; Chattanooga 3 - Trenton 3 |
| BOTTOM OF THE 7TH |
|
Trenton Thunder batting - Pitching for Chattanooga Lookouts : RHP Bud Puffer
|
|
Batting: LHB Bobby Upton
|
0-0: Ball 1-0: Swinging Strike 1-1: Ground out 1-3 (Groundball, 34S, EV 68.8 MPH)
|
|
Batting: RHB Jose Tovar
|
0-0: Ground out 6-3 (Groundball, 56, EV 88.8 MPH)
|
|
Batting: RHB Christian Shearer
|
0-0: Called Strike 0-1: Ball 1-1: Ball 2-1: SINGLE (Line Drive, 56, EV 98.8 MPH)
|
|
Pitching: LHP Brett Grijalva
|
|
|
Batting: RHB Larry Martell
|
0-0: Ball Christian Shearer is caught stealing 2nd base 2-4
|
| Bottom of the 7th over - 0 runs, 1 hit, 0 errors, 0 left on base; Chattanooga 3 - Trenton 3 |
| TOP OF THE 8TH |
|
Chattanooga Lookouts batting - Pitching for Trenton Thunder : LHP George Grady
|
|
Pitching: RHP Jimmy Williams
|
|
|
Batting: SHB Ian Thompson
|
0-0: Foul Ball, location: 2F 0-1: Foul Ball, location: 2F 0-2: Ball 1-2: Foul Ball, location: 2F 1-2: Foul Ball, location: 2F 1-2: Ball 2-2: SINGLE (Groundball, 6D, EV 102.5 MPH)
|
|
Batting: RHB Manuel Juarez
|
0-0: Bunt missed! 0-1: Sac Bunt to 2L - play at first, batter OUT! 2-3 Ian Thompson to second
|
|
Batting: RHB Jose Nunez
|
0-0: Hit by Pitch
|
|
Batting: LHB Justin Wenzel
|
0-0: Ball 1-0: SINGLE (Groundball, 3L, EV 100.0 MPH) Ian Thompson to third Jose Nunez to second Runner from 3rd tries for Home, SAFE, throw by RF to home
|
|
Batting: LHB Seung-jun Chang
|
0-0: Called Strike 0-1: Ball 1-1: Reached on error, E4 (Groundball, 34D, EV 93.8 MPH) Jose Nunez to third Justin Wenzel to second
|
|
Batting: RHB J.J. Powers
|
0-0: Ball 1-0: Foul Ball, location: 2F 1-1: SINGLE (Groundball, 56D, EV 109.4 MPH) Jose Nunez scores Justin Wenzel to third Seung-jun Chang to second Runner from 3rd tries for Home, SAFE, throw by LF to home
|
|
Pitching: LHP Nick Turner
|
|
|
Batting: LHB Jim Pankratz
|
0-0: Ball 1-0: Called Strike 1-1: Fielders Choice at 2nd, 4-6 (Groundball, 4, EV 78.8 MPH) Seung-jun Chang to third
|
|
Pitching: RHP Antonio Castillo
|
|
|
Batting: RHB Miguel Diaz
|
0-0: Swinging Strike 0-1: Swinging Strike 0-2: Ball 1-2: Strikes out swinging
|
| Top of the 8th over - 3 runs, 3 hits, 1 error, 2 left on base; Chattanooga 6 - Trenton 3 |
| BOTTOM OF THE 8TH |
|
Trenton Thunder batting - Pitching for Chattanooga Lookouts : LHP Brett Grijalva
|
|
Now at 1B: Jose Nunez
|
|
|
Now at 3B: Mike Handrahan
|
|
|
Batting: RHB Larry Martell
|
0-0: Ball 1-0: Ball 2-0: Ball 3-0: Called Strike 3-1: Base on Balls
|
|
Batting: RHB Nazeeh Zubair
|
0-0: Called Strike 0-1: Ball 1-1: Grounds into double play, 6-4-3 (Groundball, 6, EV 100.0 MPH)
|
|
Batting: RHB Dale Altman
|
0-0: Ball 1-0: Foul Ball, location: 2F 1-1: Called Strike 1-2: Foul Ball, location: 2F 1-2: Foul Ball, location: 2F 1-2: Ball 2-2: Ground out 4-3 (Groundball, 4S, EV 80.6 MPH)
|
| Bottom of the 8th over - 0 runs, 0 hits, 0 errors, 0 left on base; Chattanooga 6 - Trenton 3 |
| TOP OF THE 9TH |
|
Chattanooga Lookouts batting - Pitching for Trenton Thunder : RHP Antonio Castillo
|
|
Batting: LHB Matt Robertson
|
0-0: Ball 1-0: Ball 2-0: Foul Ball, location: 2F 2-1: Ball 3-1: Called Strike 3-2: Strikes out swinging
|
|
Batting: SHB Ian Thompson
|
0-0: Ball 1-0: Called Strike 1-1: Ball 2-1: Foul Ball, location: 2F 2-2: Hit by Pitch
|
|
Batting: RHB Manuel Juarez
|
0-0: Ball 1-0: Swinging Strike 1-1: Ball 2-1: Foul Ball, location: 2F 2-2: Ball 3-2: Fly out, F8 (Flyball, 8RD, EV 91.2 MPH)
|
|
Pitching: LHP Josh Shaw
|
|
|
Batting: RHB Jose Nunez
|
0-0: Ball 1-0: Called Strike 1-1: Foul Ball, location: 2F 1-2: DOUBLE (Groundball, 5L, EV 106.2 MPH) Ian Thompson to third Runner from 3rd tries for Home, SAFE, throw by LF to trailing runner, SAFE at third!
|
|
Batting: LHB Justin Wenzel
|
0-0: Foul Ball, location: 2F 0-1: Foul Ball, location: 2F 0-2: SINGLE (Groundball, 4D, EV 100.0 MPH) Jose Nunez scores
|
|
Batting: LHB Seung-jun Chang
|
0-0: Called Strike 0-1: Ball 1-1: Called Strike 1-2: Foul Ball, location: 2F 1-2: Foul Ball, location: 2F 1-2: Strikes out swinging
|
| Top of the 9th over - 2 runs, 2 hits, 0 errors, 1 left on base; Chattanooga 8 - Trenton 3 |
| BOTTOM OF THE 9TH |
|
Trenton Thunder batting - Pitching for Chattanooga Lookouts : LHP Brett Grijalva
|
|
Batting: RHB Sam Hubbert
|
0-0: Called Strike 0-1: Fly out, F9 (Flyball, 89M, EV 96.9 MPH)
|
|
Batting: RHB Roberto Tena
|
0-0: Called Strike 0-1: Ground out 5-3 (Groundball, 56S, EV 78.8 MPH)
|
|
Batting: RHB Phil Reeves
|
0-0: Ball 1-0: Ball 2-0: Ball 3-0: Called Strike 3-1: Base on Balls
|
|
Batting: LHB Bobby Upton
|
0-0: Called Strike 0-1: Ball 1-1: Ball 2-1: Foul Ball, location: 2F 2-2: Foul Ball, location: 2F 2-2: Ball 3-2: Foul Ball, location: 2F 3-2: Foul Ball, location: 2F 3-2: Strikes out swinging
|
| Bottom of the 9th over - 0 runs, 0 hits, 0 errors, 1 left on base; Chattanooga 8 - Trenton 3 |
|